Map: Sueño eterno EE

Players

gary - Winner!

  • Race: Terran Terran
  • Spawn Location: 1:00

MrFercho

  • Race: Zerg Zerg
  • League: Gold
  • Spawn Location: 7:00

VOD

Have the link to the VOD?

Description

Time

  • Played on: July 21, 2020, 7:55 p.m.
  • Length: 6:26
Show
View Real Time Build Order
Export as new Build Order

gary Terran - Winner!

Build Orders:  

Get SALT Encoding   

  12  0:01  SCV  
  13  0:16  Supply Depot  
  13  0:18  SCV  
  14  0:39  SCV  
  14  0:41  Refinery  
  15  0:43  Barracks  
  15  1:00  SCV  
  16  1:11  Barracks  
  16  1:12  SCV  
  17  1:24  SCV  
  18  1:26  Barracks  
  19  1:46  Orbital Command  
  18  1:52  Factory  
  18  2:05  Supply Depot  
  18  2:06  Reaper  
  19  2:27  Marine x2  
  21  2:34  Barracks  
  21  2:35  SCV  
  22  2:47  Hellion, SCV  
  22  2:49  Barracks Tech Lab  
  25  2:52  Barracks Reactor  
  25  2:54  Marine  
  26  3:23  Hellion  
  26  3:24  Marine  
  29  3:27  Barracks Reactor  
  29  3:28  Marine  
  29  3:33  SCV  
  30  3:37  Supply Depot  
  30  3:42  Starport  
  30  3:46  SCV  
  31  3:56  Barracks Reactor  
  31  4:07  Marine x2  
  31  4:08  Marine  
  34  4:13  Supply Depot  
  34  4:16  Hellion x2  
  38  4:18  Barracks  
  38  4:31  Bunker  
  38  4:37  Hellion  
  38  4:38  Hellion  
  42  4:44  Marine x2  
  42  4:45  Medivac  
  45  4:51  Supply Depot  
  45  4:55  Marine x3  
  45  4:59  Hellion x2  
  52  5:13  Barracks Reactor  
  52  5:18  Marine x2  
  52  5:20  Hellion x2  
  58  5:29  Supply Depot  
  56  5:57  Marine x5  
  56  5:58  Marine  
Show
View Real Time Build Order
Export as new Build Order

MrFercho Zerg 

Build Orders: Hatch First 

Get SALT Encoding   

  12  0:01  Drone  
  13  0:13  Overlord  
  13  0:16  Drone  
  14  0:36  Drone x3  
  17  0:55  Hatchery  
  16  0:57  Drone  
  16  1:01  Drone  
  18  1:11  Extractor  
  18  1:17  Spawning Pool  
  16  1:21  Drone x2  
  18  1:31  Drone  
  19  1:47  Overlord  
  19  1:58  Drone  
  20  2:09  Zergling x4  
  22  2:16  Queen x2  
  22  2:18  Drone  
  22  2:20  Metabolic Boost  
  22  2:22  Drone  
  28  2:23  Drone  
  28  2:29  Drone  
  30  2:39  Drone  
  31  2:45  Drone x2  
  31  2:51  Drone  
  34  3:00  Lair  
  34  3:06  Drone x2  
  34  3:08  Overlord  
  36  3:36  Zergling x2  
  36  3:37  Zergling x14  
  36  3:38  Overlord  
  36  3:39  Overlord  
  44  3:50  Evolution Chamber  
  44  3:55  Baneling Nest, Queen  
  44  4:06  Drone  
  44  4:07  Drone x4  
  49  4:14  Extractor  
  49  4:15  Extractor  
  47  4:23  Zerg Missile Weapons Level 1  
  47  4:28  Drone  
  47  4:29  Evolution Chamber, Drone x4  
  51  4:31  Overlord x2  
  51  4:48  Centrifical Hooks  
  51  4:54  Drone x5  
  51  4:55  Drone  
  57  5:15  Pneumatized Carapace  
  57  5:25  Drone x4  
  57  5:40  Zergling x10, Hatchery  
  53  5:53  Zergling x2  
  53  5:54  Zergling x4  
  53  5:55  Spine Crawler  
  55  5:58  Spine Crawler  
  50  6:06  Drone x5  
Tags
 
League
Gold
Matchup
TvZ
Replay Pack
MrFercho
Spawn Locations
Cross Positions
Add a new tag
Caveats
  • Supply blocks, unpowered buildings, or Contaminate may cause inaccurate times.
  • Supply counts are checked every 10 seconds.